 Dungeon Crawl Stone Soup version 0.18-a0-1747-g18c4181 (webtiles) character file.

296 dohliylev the Shield-Bearer (level 6, -5/39 HPs)
             Began as a Gargoyle Fighter on Apr 12, 2016.
             Slain by an ogre
             ... wielding a cursed +0 giant club
              (10 damage)
             ... on level 4 of the Dungeon.
             The game lasted 00:11:40 (3168 turns).

dohliylev the Shield-Bearer (Gargoyle Fighter)      Turns: 3168, Time: 00:11:40

Health: -5/39      AC: 16    Str: 21    XL:     6   Next: 34%
Magic:  6/6        EV:  6    Int:  9    God:
Gold:   193        SH:  9    Dex:  9    Spells: 0 memorised, 5 levels left

rFire  . . .     SeeInvis .     a - +0 flail
rCold  . . .     Gourm    .     A - +0 chain mail (curse)
rNeg   + + .     Faith    .     c - +0 shield
rPois  ∞         Spirit   .     D - +0 helmet
rElec  +         Dismiss  .     (no cloak)
rCorr  .         Reflect  .     E - +0 pair of gloves
SustAt .         Harm     .     (no boots)
MR     .....                    (no amulet)
Stlth  ..........               (no ring)
                                s - ring of positive energy

@: not resistant to hostile enchantments, extremely unstealthy
A: negative energy resistance 1, electricity resistance, unbreathing,
petrification resistance, rot immunity, AC +4
a: no special abilities


You were on level 4 of the Dungeon.
You were not hungry.

You visited 1 branch of the dungeon, and saw 4 of its levels.

You collected 193 gold pieces.

Inventory:

Hand Weapons
 a - a +0 flail (weapon)
Missiles
 g - 5 silver tomahawks (quivered)
Armour
 c - a +0 shield (worn)
 h - a +2 robe of resistance
 p - a +0 chain mail
 A - a cursed +0 chain mail (worn)
 D - a +0 helmet (worn)
 E - a +0 pair of gloves (worn)
Jewellery
 s - a ring of positive energy (left hand)
 F - a +2 ring of protection {unknown}
Scrolls
 b - 4 scrolls of remove curse {unknown}
 i - a scroll of fear {unknown}
 j - 4 scrolls of enchant armour {unknown}
 k - a scroll of immolation {unknown}
 q - 2 scrolls of amnesia {unknown}
 r - 3 scrolls of identify {unknown}
 t - a scroll of teleportation {unknown}
 v - a scroll of fog {unknown}
 y - a scroll of random uselessness {unknown}
 z - a scroll of blinking {unknown}
Potions
 d - 2 potions of might
 e - 5 potions of curing {unknown}
 m - a potion of brilliance {unknown}
 n - a potion of cure mutation {unknown}
 u - a potion of agility {unknown}
 x - 2 potions of magic {unknown}
Comestibles
 f - 4 bread rations
 l - 3 meat rations
 o - 9 fruits
 w - 2 beef jerkies
 B - a chunk of flesh
 C - a slice of pizza


   Skills:
 + Level 4.6 Fighting
 + Level 3.2 Maces & Flails
 + Level 4.0 Armour
 + Level 1.6 Dodging
 + Level 0.5 Stealth
 + Level 5.0 Shields


You had 5 spell levels left.
You didn't know any spells.

Dungeon Overview and Level Annotations

Branches:
Dungeon (4/15)
 Temple: D:4-7

Altars:
Cheibriados
Elyvilon
Okawaru
Yredelemnul


Innate Abilities, Weirdness & Mutations

You are resistant to torment.
Your stone body is resilient (AC +4).
You are immune to poison.
You resist negative energy.
You are resistant to electric shocks.
You can survive without breathing.
You are immune to petrification.
You are immune to rotting.


Message History

The hound is severely wounded.
The hound closely misses you. The hound bites you but does no damage.
You hit the hound.
You kill the hound!
Your Armour skill increases to level 4!
You hit the ogre.
The ogre is lightly wounded.
The ogre hits you with a giant club!
You hit the ogre but do no damage.
The ogre is lightly wounded.
The ogre hits you with a giant club!
You sock the ogre!
The ogre is moderately wounded.
You block the ogre's attack.
You sock the ogre!
The ogre is severely wounded.
The ogre hits you with a giant club!
* * * LOW HITPOINT WARNING * * *
The ogre hits you with a giant club!
You die...

#......#####.##.##.#####.....
#...........).#.#............
#............##.##...........
##############.#...####.##..##.
#..###########.#.P.####+##..##.
#....#......#..#...#.....#..'..
#....#......#..##.##.....#..#..
##..##..###.##O##..[###'##..##.
##..##..###.##@###..###.##..##.
#....#....#...........#........
#....'....#...........#.....##.
##..##...##..####...###.##..##.
######################.###+##.
#....#..........).....
#....#................
#....#.............##.
#..................##.


You could see an ogre.

Vanquished Creatures
  A howler monkey (D:4)
  A hound (D:4)
  2 worker ants (D:4)
  2 iguanas (D:4)
  A gnoll (D:3)
  An adder (D:4)
  2 oozes (D:2)
  An adder skeleton (D:4)
  5 worms
  A dart slug (D:3)
  A giant gecko (D:3)
  5 orcs
  7 bats
  2 giant cockroaches
  8 goblins
  5 hobgoblins
  13 jackals
  A quokka (D:3)
  2 ball pythons
  A giant gecko zombie (D:3)
  12 giant newts
  5 kobolds
  7 rats
86 creatures vanquished.

Notes
Turn   | Place    | Note
--------------------------------------------------------------
     0 | D:1      | dohliylev the Gargoyle Fighter began the quest for the Orb.
     0 | D:1      | Reached XP level 1. HP: 14/14 MP: 1/1
   162 | D:1      | Reached XP level 2. HP: 17/19 MP: 2/2
   757 | D:2      | Reached XP level 3. HP: 12/24 MP: 3/3
   788 | D:2      | Found a snail-covered altar of Cheibriados.
  1164 | D:2      | Reached skill level 1 in Dodging
  1266 | D:2      | Reached skill level 4 in Shields
  1310 | D:2      | Reached XP level 4. HP: 29/29 MP: 4/4
  1569 | D:3      | Found an iron altar of Okawaru.
  1784 | D:3      | Found a basalt altar of Yredelemnul.
  2264 | D:4      | Reached XP level 5. HP: 33/33 MP: 5/5
  2602 | D:4      | Reached XP level 6. HP: 36/39 MP: 6/6
  2698 | D:4      | Found a white marble altar of Elyvilon.
  3057 | D:4      | Reached skill level 5 in Shields
  3168 | D:4      | Slain by an ogre

Vault maps used:
D:1:      dpeg_arrival_ternary, minmay_newt_pond
D:2:      cheibriados_altar_1, grunt_ministairs_11
D:3:      yredelemnul_altar_generic, kennysheep_okawaru_gauntlet
D:4:      elyvilon_altar_1, first_bread

Skill      XL: |  1  2  3  4  5  6 |
---------------+-------------------+-----
Dodging        | 1 |  1.6
Shields        | 4 5 |  5.0
Maces & Flails | 3 |  3.2
Fighting       | 4 |  4.6
Armour         | 4 |  4.0
Stealth        | |  0.5

Action                   |  1- 3 |  4- 6 || total
-------------------------+-------+-------++-------
Melee: Flail             |   203 |   220 ||   423
  Eat: Chunk             |     2 |     6 ||     8
Armor: Scale mail        |   123 |       ||   123
       Chain mail        |    21 |   133 ||   154
       Skin              |       |     3 ||     3
Dodge: Dodged            |    76 |    67 ||   143
Block: Shield            |   136 |   139 ||   275
